 Dungeon Crawl Stone Soup version 0.30-a0-137-gd8773701ce (webtiles) character file.

Game seed: 3233873902191518380

390913 scionoferis the End of an Era (level 25, -63/213 HPs)
             Began as a Meteoran Gladiator on Sept 21, 2022.
             Was the Champion of Qazlal.
             Killed from afar by an ancient lich (106 damage)
             ... with a crystal spear
             ... on level 5 of the Vaults.
             The game lasted 05:09:14 (23052 turns).

scionoferis the End of an Era (Meteoran Gladiator) Turns: 23052, Time: 05:09:15

Health: -63/213    AC: 55    Str: 30    XL:     25   Next: 38%
Magic:  35/39      EV: 15    Int: 10    God:    Qazlal [******]
Gold:   2514       SH: 35    Dex: 31    Spells: 29/34 levels left

rFire   + . .      SeeInvis +    a - +6 demon trident (flame)
rCold   + + +      Faith    .    q - +1 kite shield {rN+}
rNeg    + . .      Spirit   .    g - +13 crystal plate armour of Honihis {Harm rElec rF+ Dex+3}
rPois   +          Reflect  +    Z - +2 helmet {SInv}
rElec   +          Harm     +    N - +2 cloak {Will+}
rCorr   .          Rampage  +    X - +1 pair of gloves of the Bagpipe {Str+3}
Will    ++++.                    A - +2 pair of boots {rampage}
Stlth   ..........               s - amulet of reflection
HPRegen 0.45/turn                t - ring "Mevero" {rElec rPois rC+++ Str-4 Dex+6}
MPRegen 0.26/turn                j - ring "Tesaof" {Fly Str+6 Stlth+}

@: protected from electricity, flying, glowing, studying 2 skills, repel
missiles
A: sense surroundings 3, otherworldly, glowing, explore regen, large bone plates
1, agile 1
}: 2/15 runes: serpentine, barnacled
a: Renounce Religion, Upheaval, Elemental Force, Disaster Area


You were on level 5 of the Vaults.
You worshipped Qazlal.
Qazlal was exalted by your worship.
You visited 9 branches of the dungeon, and saw 40 of its levels.
You visited 1 bazaar.
You also visited: Sewer.

You collected 3905 gold pieces.
You spent 1391 gold pieces at shops.

Inventory:

Hand Weapons
 a - a +6 demon trident of flaming (weapon)
 K - the +5 demon trident "Anuyrghao" {antimagic, rElec}
   (You acquired it on level 4 of the Snake Pit)

   It reduces the magical energy of the wielder, and disrupts the spells and
   magical abilities of those it strikes.
   Natural abilities and divine invocations are not affected.
   rElec:     It insulates you from electricity.
Missiles
 e - 13 javelins
 h - a throwing net
 B - 8 curare-tipped darts
 D - 24 boomerangs (quivered)
 O - 6 silver javelins
 W - 3 silver boomerangs
Armour
 g - the +13 crystal plate armour of Honihis (worn) {Harm rElec rF+ Dex+3}
   (You acquired it in a bazaar)

   Dex:       It affects your dexterity (+3).
   rF:        It protects you from fire.
   rElec:     It insulates you from electricity.
   Harm:      It increases damage dealt and taken.
 q - a +1 kite shield of positive energy (worn)
 A - a +2 pair of boots of rampaging (worn)
 M - a +1 kite shield of resistance
 N - a +2 cloak of willpower (worn)
 X - the +1 pair of gloves of the Bagpipe (worn) {Str+3}
   (You found it on level 2 of the Snake Pit)

   Str:       It affects your strength (+3).
 Z - a +2 helmet of see invisible (worn)
Jewellery
 i - a +4 ring of slaying
 j - the ring "Tesaof" (right hand) {Fly Str+6 Stlth+}
   (You found it on level 2 of the Orcish Mines)

   [ring of strength]

   Str:       It affects your strength (+6).
   Fly:       It grants you flight.
   Stlth:     It makes you more stealthy.
 m - a ring of protection from fire
 n - a ring of positive energy
 s - an amulet of reflection (around neck)
 t - the ring "Mevero" (left hand) {rElec rPois rC+++ Str-4 Dex+6}
   (You found it on level 5 of the Lair of Beasts)

   [ring of dexterity]

   Str:       It affects your strength (-4).
   Dex:       It affects your dexterity (+6).
   rC:        It renders you almost immune to cold.
   rElec:     It insulates you from electricity.
   rPois:     It protects you from poison.
 F - a ring of willpower
Wands
 k - a wand of paralysis (19)
 C - a wand of mindburst (45)
 J - a wand of flame (3)
 Q - a wand of digging (6)
 T - a wand of iceblast (13)
Scrolls
 b - 3 scrolls of silence
 d - 8 scrolls of teleportation
 f - 9 scrolls of enchant armour
 r - 2 scrolls of fear
 u - 9 scrolls of poison
 y - 5 scrolls of blinking
 G - 2 scrolls of summoning
 P - 7 scrolls of magic mapping
 R - a scroll of brand weapon
 U - 5 scrolls of butterflies
Potions
 c - 2 potions of mutation
 o - 3 potions of magic
 p - 2 potions of ambrosia
 v - 8 potions of cancellation
 x - 6 potions of might
 z - 4 potions of resistance
 E - 2 potions of berserk rage
 H - 4 potions of haste
 I - 5 potions of brilliance
 S - 17 potions of curing
 Y - 5 potions of heal wounds
Miscellaneous
 l - a phial of floods
 w - a condenser vane (inert)
 L - a box of beasts
 V - a lightning rod (4/4)


   Skills:
 - Level 15.0 Fighting
 + Level 22.4 Polearms
 - Level 12.0 Throwing
 + Level 21.5 Armour
 - Level 10.0 Dodging
 - Level 15.0 Shields
 - Level 5.0 Spellcasting
 - Level 12.0 Translocations
 + Level 6.5 Transmutations
 + Level 6.4 Earth Magic
 + Level 22.6 Invocations
 - Level 12.0 Evocations


You had 29 spell levels left.
You knew the following spells:

 Your Spells              Type           Power      Damage    Failure   Level
a - Apportation           Tloc           52%        N/A       2%          1
b - Blink                 Tloc           52%        N/A       3%          2
c - Passwall              Tmut/Erth      12%        N/A       36%         2

Your spell library contained the following spells:

 Spells                   Type           Power      Damage    Failure   Level
 Gell's Gravitas          Tloc           26%        N/A       8%          3
 Lesser Beckoning         Tloc           26%        N/A       8%          3
 Teleport Other           Tloc           26%        N/A       8%          3
 Beastly Appendage        Tmut           30%        N/A       24%         1
 Sandblast                Erth           30%        2d9       26%         1
 Manifold Assault         Tloc           26%        N/A       26%         4
 Wereblood                Tmut           15%        N/A       36%         2
 Portal Projectile        Hex/Tloc       28%        N/A       65%         3
 Sting                    Tmut/Pois      36%        1d4       67%         1
 Kindle Blastsparks       Fire/Tloc/Air  20%        2d11      90%         3
 Petrify                  Tmut/Erth      15%        N/A       94%         4
 Spider Form              Tmut/Pois      9%         N/A       95%         3
 Stone Arrow              Conj/Erth      16%        3d8       96%         3
 Iskenderun's Mystic Bla  Conj/Tloc      14%        2d5       96%         4
 Magic Dart               Conj           8%         1d3       98%         1
 Necrotise                Necr           8%         1d4       98%         1
 Slow                     Hex            8%         N/A       98%         1
 Summon Small Mammal      Summ           8%         N/A       98%         1
 Dispersal                Tloc           13%        N/A       98%         6
 Cigotuvi's Dreadful Rot  Necr/Pois/Air  4%         N/A       99%         2
 Ensorcelled Hibernation  Hex/Ice        4%         N/A       99%         2
 Poisonous Vapours        Pois/Air       4%         N/A       99%         2
 Scorch                   Fire           4%         2d5       99%         2
 Searing Ray              Conj           4%         2d4       99%         2
 Sublimation of Blood     Necr           2%         N/A       99%         2
 Dazzling Flash           Conj/Hex       4%         N/A       100%        3
 Inner Flame              Hex/Fire       2%         N/A       100%        3
 Ozocubu's Armour         Ice            2%         N/A       100%        3
 Swiftness                Air            2%         N/A       100%        3
 Tukima's Dance           Hex            2%         N/A       100%        3
 Vampiric Draining        Necr           2%         2d6       100%        3
 Anguish                  Hex/Necr       1%         N/A       100%        4
 Cause Fear               Hex            1%         N/A       100%        4
 Flame Wave               Conj/Fire      2%         2d4       100%        4
 Fulminant Prism          Conj/Hex       1%         3d6       100%        4
 Leda's Liquefaction      Hex/Erth       4%         N/A       100%        4
 Olgreb's Toxic Radiance  Pois           2%         N/A       100%        4
 Agony                    Necr           2%         N/A       100%        5
 Blade Hands              Tmut           7%         N/A       100%        5
 Borgnjor's Vile Clutch   Necr/Erth      4%         N/A       100%        5
 Fireball                 Conj/Fire      1%         3d3       100%        5
 Freezing Cloud           Conj/Ice/Air   1%         6-21      100%        5
 Irradiate                Conj/Tmut      4%         3d13      100%        5
 Iskenderun's Battlesphe  Conj           2%         2d6       100%        5
 Lee's Rapid Deconstruct  Erth           7%         3d8*      100%        5
 Silence                  Hex/Air        1%         N/A       100%        5
 Conjure Ball Lightning   Conj/Air       1%         3x3d6     100%        6
 Death Channel            Necr           1%         N/A       100%        6
 Eringya's Noxious Bog    Tmut/Pois      4%         N/A       100%        6
 Simulacrum               Ice/Necr       1%         N/A       100%        6
 Starburst                Conj/Fire      1%         6d3       100%        6
 Statue Form              Tmut/Erth      10%        N/A       100%        6
 Summon Cactus Giant      Summ           1%         N/A       100%        6
 Dragon Form              Tmut           7%         N/A       100%        7
 Orb of Destruction       Conj           1%         9d5       100%        7
 Ozocubu's Refrigeration  Ice            1%         4d7       100%        7
 Borgnjor's Revivificati  Necr           1%         N/A       100%        8
 Discord                  Hex            1%         N/A       100%        8
 Ignition                 Fire           1%         3d3       100%        8
 Necromutation            Tmut/Necr      4%         N/A       100%        8
 Polar Vortex             Ice            1%         N/A       100%        9


Dungeon Overview and Level Annotations

Branches:
Dungeon (13/15) Zot: 616   Temple (1/1) D:6 Zot: 538    Lair (5/5) D:10 Zot: 137
 Shoals (4/4) Lair:3 Zot: 55   Snake (4/4) Lair:2 Zot: 64   Slime (0/5) Lair:4
    Orc (2/2) D:10 Zot: 73     Elf (3/3) Orc:2 Zot: 76  Vaults (5/5) D:13 Zot: 1470
  Crypt (3/3) Vaults:2 Zot: 69   Sewer (visited)
   Tomb: Crypt:3

Altars:
Cheibriados
Dithmenos
Elyvilon
Fedhas
Gozag
Hepliaklqana
Kikubaaqudgha
Makhleb
Nemelex Xobeh
Okawaru
Qazlal
Ru
Sif Muna
Trog
Uskayaw
Vehumet
Wu Jian
Xom
Yredelemnul
The Shining One
Jiyva

Shops:
D:9 [   Orc:2 (::[   Elf:2 [   Shoals:2 (   Vaults:2 *

Portals:
Hell: Lair:5
Trove: Vaults:1 (give +7 demon whip)

Annotations:
D:2 Sigmund


Innate Abilities, Weirdness & Mutations

You passively map a large area around you.
You are easily found by Zot.
You glow in the dark.
You regain HP and MP as you explore.
You are partially covered in large bone plates. (SH +4)
You are agile. (Dex +4, Str/Int -1)


Message History

You block the tengu reaver's attack.
The tengu reaver hits your fire elemental but does no damage.
You block the tengu reaver's attack.
The tengu reaver claws you but does no damage.
The frost giant shouts!
Unknown command.
Unknown command.
You hear a shout!
The redback is engulfed in blazing flames.
Your fire elemental barely misses the cyan very ugly thing.
Your fire elemental hits the stone giant.
Your fire elemental burns the stone giant!
Your fire elemental hits the cyan very ugly thing.
Your fire elemental burns the cyan very ugly thing!
The cyan very ugly thing dies!
Qazlal accepts your kill.
Your fire elemental hits the redback.
Your fire elemental burns the redback!
The redback dies!
Qazlal accepts your kill.
Your fire elemental barely misses the cyan very ugly thing.
The tengu reaver blocks your fire elemental's attack.
The cyan very ugly thing is engulfed in blazing flames.
You block the cyan very ugly thing's attack. x2
The cyan ugly thing is engulfed in blazing flames.
The cyan ugly thing claws your fire elemental!
The cyan ugly thing shocks your fire elemental.
Your fire elemental resists.
The cyan very ugly thing is engulfed in blazing flames.
The cyan very ugly thing tentacle-slaps your fire elemental!!
The cyan very ugly thing shocks your fire elemental!
Your fire elemental resists.
The phantasmal warrior is engulfed in blazing flames.
The phantasmal warrior gestures at you.
The phantasmal warrior blinks!
The fire giant is engulfed in blazing flames.
The fire giant completely misses you.
The vault warden is engulfed in blazing flames.
The ancient lich casts a spell at you. The crystal spear hits you!!!!
You die...

,,,* , * , , ** , *
,, #..##....#.§.§ ,
, , .§°#.§§.#.§u# ,
, , *
*.§§§§○§...E., , ,,
*
####p☼§○°☼..######
, ,
,....☼EE○u§u.......
, ,, ,
....○EEEEC........
,,,
,.....EQCC§§○......
,, ,,, ,
....[.u@uC§○...?..
* ####.)LC§.§§### *
*** , ~#.☼§E§E§...#
*, ,, ,
#Q##.[..#.#.#, * ,
#) #W[..#.# # * , ,
, #. * #.)?.#.# , *
*, , *.* #....#.#,
, , , #....#.# , *
,, , ,#....#.#, *


You could see a titan (empowered), an ancient lich (empowered, invisible), 2
frost giants, 4 very ugly things, a fire giant (empowered), a stone giant (ally
target), a vault warden, 2 tengu reavers, a cyan ugly thing, a phantasmal
warrior and 10 friendly fire elementals.

Vanquished Creatures
  An ancient lich (Vaults:5)
  Vashnia (Snake:4)
  2 curse toes (Crypt:3)
  The ghost of Hali the Executioner, a veteran FoFi of Dithmenos (Crypt:3)
  Saint Roka (Crypt:3)
  Nikola (Snake:2)
  Jory (Vaults:2)
  A bone dragon (Vaults:2)
  A tentacled monstrosity (Vaults:5)
  Zenata (Vaults:1)
  Mlioglotl (Shoals:4)
  A quicksilver dragon (Vaults:5)
  A titan (Vaults:5)
  2 deep elf blademasters (Elf:3)
  A deep elf master archer (Elf:3)
  Frances (D:12)
  3 krakens
  Polyphemus (Shoals:4)
  5 ancient champions (Crypt:3)
  A sphinx (Vaults:3)
  The ghost of Tuwaoge the Hoplite, an adept MiFi of Okawaru (Shoals:2)
  Ilsuiw (Shoals:2)
  Roxanne (Shoals:4)
  2 revenants (Crypt:2)
  A storm dragon (Vaults:4)
  Donald (Shoals:2)
  4 nagarajas
  4 deep elf sorcerers (Elf:3)
  10 vault wardens
  A frost giant (Shoals:2)
  A curse skull (Crypt:1)
  Aizul (Snake:4)
  A reaper (Crypt:2)
  The ghost of Tollund the Thaumaturge, a journeyman GnHW of Sif Muna (Orc:2)
  8 very ugly things
  11 ironbound preservers
  2 ghouls (Crypt:1)
  A caustic shrike skeleton (Crypt:3)
  5 deep elf elementalists (Elf:3)
  An orc warlord (Orc:2)
  A stone giant (Orc:2)
  4 ironbound thunderhulks
  A vampire knight (Crypt:3)
  Nessos (D:12)
  8 deep elf demonologists
  3 deep elf annihilators (Elf:3)
  3 dire elephants (Vaults:4)
  3 eidola
  11 deep elf death magi
  4 merfolk javelineers
  6 merfolk impalers
  5 yaktaur captains
  2 jiangshi (Crypt:2)
  7 deep elf high priests
  The ghost of pigah the Zephyrmancer, a journeyman OpAE of Gozag (D:10)
  8 hydras
  2 entropy weavers
  A peacekeeper (Vaults:4)
  2 salamander tyrants (Snake:4)
  An ogre mage (Orc:2)
  21 vault guards
  Erica (Lair:2)
  5 ironbound frosthearts
  A quicksilver dragon skeleton (Crypt:2)
  2 catoblepae
  2 great orbs of eyes
  8 anacondas
  2 merfolk avatars (Shoals:4)
  A satyr (Shoals:3)
  5 alligator snapping turtles
  3 boulder beetles
  An anaconda (shapeshifter) (Vaults:5)
  13 centaur warriors
  8 merfolk aquamancers
  3 death yaks (Shoals:4)
  12 two-headed ogres
  16 naga warriors
  2 tengu warriors (D:13)
  26 dancing weapons
  An Orb Guardian skeleton (Crypt:1)
  A deep troll earth mage (Vaults:5)
  3 vampire magi (Crypt:2)
  2 soul eaters
  11 shock serpents
  A salamander mystic (Snake:2)
  7 naga sharpshooters (Snake:4)
  8 deep elf knights
  3 shadow wraiths
  Sonja (D:12)
  19 skeletal warriors
  An anaconda zombie (Crypt:2)
  A sixfirhy (Lair:5)
  37 deep trolls
  6 flayed ghosts
  A bog body (Crypt:1)
  21 sea snakes
  A glowing orange brain (Vaults:4)
  An orb spider (shapeshifter) (Elf:3)
  7 naga ritualists
  4 orc knights
  A bunyip skeleton (Crypt:2)
  9 phantasmal warriors
  6 ironbound convokers
  9 deep elf archers
  An anaconda skeleton (Crypt:2)
  2 necromancers
  7 wizards
  20 deep elf zephyrmancers
  30 harpies
  21 deep elf pyromancers
  An orc sorcerer (Orc:2)
  An oklob plant (D:10)
  6 mana vipers
  15 ugly things
  18 cyclopes
  15 fauns
  11 salamanders
  A stone giant skeleton (Crypt:2)
  19 manticores
  An eleionoma skeleton (Crypt:1)
  41 black mambas
  6 water nymphs
  7 guardian serpents
  A torpor snail (Lair:5)
  16 elephants (Lair:5)
  A smoke demon (Lair:5)
  12 vault sentinels
  3 gargoyles
  23 naga magi
  13 cane toads
  4 orange demons (Lair:5)
  12 merfolk sirens
  19 yaktaurs
  A shock serpent skeleton (Crypt:3)
  6 rime drakes
  2 unseen horrors (D:11)
  A red draconian zombie (Crypt:2)
  An ice devil (Lair:5)
  A freezing wraith (Crypt:1)
  4 komodo dragons
  6 guardian mummies
  A catoblepas zombie (Crypt:3)
  2 tengu conjurers (D:13)
  A pale draconian skeleton (Crypt:3)
  5 polar bears
  A red draconian skeleton (Crypt:2)
  A shadow dragon simulacrum (Crypt:2)
  4 wind drakes
  A hornet (D:10)
  10 trolls
  A guardian serpent zombie (Crypt:2)
  25 merfolk
  22 slime creatures
  12 dream sheep
  18 blink frogs
  A spectral manticore (Shoals:2)
  11 snapping turtles
  A spectral wind drake (Shoals:2)
  4 shadows
  2 air elementals (Elf:1)
  2 wyverns
  14 water elementals
  7 wraiths
  4 fire elementals
  A slime creature zombie (Crypt:3)
  A basilisk (Lair:1)
  42 yaks
  4 redbacks
  2 vampire mosquitoes (D:13)
  2 sea snake simulacra (Shoals:2)
  5 wargs
  8 water moccasins
  54 nagas
  5 hell hounds (Lair:5)
  2 acid dragons
  2 fire bat skeletons
  A floating eye (shapeshifter) (Elf:3)
  27 orc warriors
  2 ice beasts (D:4)
  2 black bears
  A hornet zombie (D:8)
  A merfolk simulacrum (Shoals:2)
  21 ogres
  5 wolves (Lair:5)
  An elephant skeleton (Crypt:1)
  A centaur (D:13)
  2 phantoms
  An elf zombie (Crypt:2)
  5 kobold brigands
  8 bullfrogs
  2 earth elementals (Elf:3)
  A draconian zombie (Crypt:1)
  3 necrophages
  3 scorpions
  A water nymph simulacrum (Shoals:2)
  14 wights
  2 manticore simulacra (Shoals:2)
  A shapeshifter zombie (Crypt:3)
  11 killer bees (D:8)
  3 howler monkeys
  A centaur zombie (D:8)
  16 orc priests
  8 hounds
  A human zombie (D:8)
  5 jellies
  4 iguanas (D:6)
  A basilisk skeleton (Crypt:1)
  12 orc wizards
  6 hell rats (Lair:5)
  4 polar bear simulacra (D:12)
  A yak simulacrum (D:12)
  2 killer bee zombies (D:8)
  2 wolf simulacra (D:12)
  A deep dwarf zombie (Crypt:1)
  4 mummies (D:8)
  8 adders
  4 gnolls (D:5)
  6 river rats (Sewer)
  2 white imps
  An ufetubus (D:5)
  A worm (D:2)
  4 dart slugs
  80 orcs
  3 bats
  5 endoplasms
  A giant cockroach (D:1)
  A gnoll zombie (Crypt:2)
  4 goblins
  7 hobgoblins
  12 jackals
  7 quokkas
  4 ball pythons
  6 frilled lizards
  A frilled lizard skeleton (Crypt:3)
  30 kobolds
  A kobold zombie (Crypt:1)
  A quokka skeleton (Crypt:1)
  6 rats
  4 river rat simulacra (D:12)
  9 tentacles
1476 creatures vanquished.

Vanquished Creatures (collateral kills)
  A nagaraja (Snake:3)
  Louise (Snake:4)
  An ironbound preserver (Vaults:5)
  A very ugly thing (Vaults:5)
  A merfolk javelineer (Shoals:2)
  3 vault guards (Vaults:5)
  An ogre mage (Orc:2)
  A two-headed ogre (Orc:2)
  A dancing weapon (Orc:2)
  2 naga sharpshooters (Snake:4)
  2 orc knights (Orc:2)
  A mana viper (Snake:3)
  A cyclops (Orc:2)
  A salamander (Snake:2)
  3 black mambas
  A merfolk (shapeshifter) (Vaults:5)
  2 trolls (Orc:2)
  A redback (shapeshifter) (Vaults:5)
  2 orc warriors (Orc:2)
  An ogre (Orc:2)
  An orc wizard (Orc:2)
  An orc (Orc:2)
30 creatures vanquished.

Vanquished Creatures (others)
  An orange crystal statue (Shoals:3)
  A deep elf zephyrmancer (Elf:3)
  2 manticores
  25 fungi
  96 plants
  18 tentacles
143 creatures vanquished.

Grand Total: 1649 creatures vanquished

Notes
Turn   | Place    | Note
-------+----------+-------------------------------------------
     0 | D:1      | scionoferis the Meteoran Gladiator began the quest for the
                  | Orb.
     0 | D:1      | Reached XP level 1. HP: 17/17 MP: 2/2
    91 | D:1      | Reached XP level 2. HP: 25/25 MP: 3/3
   139 | D:1      | Reached XP level 3. HP: 25/30 MP: 4/4
   182 | D:1      | Found a faded altar of an unknown god.
   187 | D:1      | Got Plato's Handbook of the Ground
   215 | D:1      | You fall into a shaft and drop 1 floor!
   628 | D:2      | Noticed Sigmund
   662 | D:3      | Reached XP level 4. HP: 26/37 MP: 5/5
   688 | D:3      | Found a blossoming altar of Fedhas.
   747 | D:3      | Reached skill level 5 in Polearms
  1333 | D:4      | Reached XP level 5. HP: 34/45 MP: 6/6
  1454 | D:4      | HP: 2/45 [adder (2)]
  1506 | D:4      | Reached XP level 6. HP: 34/52 MP: 7/7
  1528 | D:4      | Noticed an ice beast
  1546 | D:4      | Killed an ice beast
  1547 | D:4      | Reached skill level 1 in Armour
  1550 | D:4      | Reached XP level 7. HP: 34/59 MP: 8/8
  1711 | D:4      | Found a sacrificial altar of Ru.
  1771 | D:4      | Found a shimmering blue altar of Sif Muna.
  1830 | D:5      | Entered Level 5 of the Dungeon
  1960 | D:5      | Found a sparkling altar of Nemelex Xobeh.
  2023 | D:5      | Reached XP level 8. HP: 63/67 MP: 9/9
  2051 | D:5      | Reached skill level 5 in Fighting
  2234 | D:5      | Found the +18 Lear's hauberk
  2405 | D:6      | Gained mutation: You passively map the area around you.
                  | [Meteoran growth]
  2405 | D:6      | Reached XP level 9. HP: 56/75 MP: 10/10
  2453 | D:6      | Reached skill level 5 in Armour
  2459 | D:6      | Found a hazy altar of Hepliaklqana.
  2459 | D:6      | Found a bloodstained altar of Trog.
  2463 | D:6      | Found an opulent altar of Gozag.
  2463 | D:6      | Found an ornate altar of the Wu Jian Council.
  2513 | D:6      | Reached skill level 10 in Polearms
  2552 | D:6      | Found a staircase to the Ecumenical Temple.
  2561 | Temple   | Entered the Ecumenical Temple
  2602 | Temple   | Became a worshipper of Qazlal Stormbringer
  2704 | D:6      | Reached skill level 1 in Invocations
  2786 | D:6      | Found a glowing drain.
  2790 | Sewer    | Entered a sewer
  2907 | Sewer    | Reached * piety under Qazlal
  3191 | Sewer    | Glimpsed the power of Zot.
  3653 | D:7      | Identified the amulet of Twilight {RegenMP Rampage rF-
                  | rCorr Dex-3}
  4064 | D:8      | Reached XP level 10. HP: 86/86 MP: 13/13
  4121 | D:8      | Reached ** piety under Qazlal
  4381 | D:8      | Identified the +5 sling of World Downfall {freeze, Dex+4
                  | Stlth-}
  4418 | D:8      | Found a shadowy altar of Dithmenos.
  4439 | D:8      | Noticed a boulder beetle
  4459 | D:8      | Killed a boulder beetle
  4460 | D:8      | Reached skill level 5 in Invocations
  4684 | D:8      | Found a basalt altar of Yredelemnul.
  5080 | D:9      | Got Alooji Feere's Compilation of Malediction
  5240 | D:9      | Found a glowing golden altar of the Shining One.
  5267 | D:9      | Found Xiheraq's Antique Armour Shop.
  5292 | D:9      | Bought an encrusted leather armour for 175 gold pieces
  5292 | D:9      | Identified the +0 leather armour "Rimpim" {rPois rN+} (You
                  | bought it in a shop on level 9 of the Dungeon)
  5405 | D:9      | Reached XP level 11. HP: 94/94 MP: 16/16
  5445 | D:9      | Reached skill level 1 in Shields
  5502 | D:10     | Entered Level 10 of the Dungeon
  5502 | D:10     | Noticed a two-headed ogre
  5530 | D:9      | Killed a two-headed ogre
  5574 | D:10     | Reached *** piety under Qazlal
  5723 | D:10     | Identified the +8 dagger "Gaekubb" {protect, MP+9 Dex+2}
  5742 | D:10     | Found a burning altar of Makhleb.
  5800 | D:10     | Paralysed by a hornet for 3 turns
  5812 | D:10     | Noticed an oklob plant
  5843 | D:10     | Found a white marble altar of Elyvilon.
  5979 | D:10     | Found a staircase to the Orcish Mines.
  6028 | D:10     | Found a runed translucent door.
  6029 | D:10     | Found a shimmering altar of Xom.
  6029 | D:10     | Noticed pigah's ghost (journeyman OpAE)
  6029 | D:10     | Noticed a +0 war axe of chaos
  6032 | D:10     | Found a staircase to the Lair.
  6058 | D:10     | Killed a +0 war axe of chaos
  6061 | D:10     | Killed pigah's ghost
  6062 | D:10     | Reached XP level 12. HP: 59/104 MP: 11/18
  6140 | Lair:1   | Entered Level 1 of the Lair of Beasts
  6227 | Lair:1   | Reached skill level 5 in Shields
  6420 | Lair:2   | Found a staircase to the Snake Pit.
  6560 | Lair:2   | Noticed Erica
  6575 | Lair:2   | Killed Erica
  6576 | Lair:2   | Reached skill level 15 in Polearms
  6630 | Lair:2   | Noticed a five-headed hydra
  6641 | Lair:2   | Killed a five-headed hydra
  6642 | Lair:2   | Reached skill level 10 in Fighting
  6642 | Lair:2   | Reached skill level 10 in Armour
  6748 | Lair:3   | Found a staircase to the Shoals.
  6768 | Lair:3   | Reached XP level 13. HP: 113/113 MP: 19/21
  6773 | Lair:3   | Got the Handbook of Tainted Terra Firma
  6779 | Lair:3   | Reached skill level 1 in Evocations
  6873 | Lair:3   | Reached skill level 10 in Invocations
  6920 | Lair:3   | Noticed an eight-headed hydra
  6934 | Lair:3   | Killed an eight-headed hydra
  6943 | Lair:3   | Reached skill level 5 in Dodging
  7093 | Lair:3   | Noticed a four-headed hydra
  7106 | Lair:3   | Killed a four-headed hydra
  7216 | Lair:4   | Noticed a five-headed hydra
  7224 | Lair:4   | Killed a five-headed hydra
  7280 | Lair:4   | Reached skill level 5 in Evocations
  7390 | Lair:4   | Noticed a five-headed hydra
  7400 | Lair:4   | Killed a five-headed hydra
  7583 | Lair:5   | Entered Level 5 of the Lair of Beasts
  7669 | Lair:5   | Reached **** piety under Qazlal
  7688 | Lair:5   | Reached XP level 14. HP: 108/121 MP: 15/24
  8022 | Lair:5   | Found a burning altar of Makhleb.
  8028 | Lair:5   | Found a gateway to Hell.
  8035 | Lair:5   | Identified the ring "Mevero" {rElec rPois rC+++ Str-4
                  | Dex+6}
  8529 | Lair:4   | Found a viscous altar of Jiyva.
  8529 | Lair:4   | Found a staircase to the Slime Pits.
  8542 | Lair:4   | Reached skill level 5 in Throwing
  8542 | Lair:4   | Reached XP level 15. HP: 128/128 MP: 26/26
  8594 | Lair:4   | Reached skill level 10 in Dodging
  9029 | Orc:1    | Entered Level 1 of the Orcish Mines
  9048 | Orc:1    | Reached XP level 16. HP: 136/136 MP: 27/27
  9142 | Orc:2    | Entered Level 2 of the Orcish Mines
  9471 | Orc:2    | Found a staircase to the Elven Halls.
  9524 | Orc:2    | Found Ugeami's Book Emporium.
  9525 | Orc:2    | Found Dyafif's Antique Weapon Shoppe.
  9529 | Orc:2    | Found Vutier's Book Boutique.
  9544 | Orc:2    | Bought a book of Cantrips for 144 gold pieces
  9595 | Orc:2    | Found Puech's Armour Shoppe.
  9607 | Orc:2    | Reached skill level 10 in Evocations
  9690 | Orc:2    | Bought a book of Spatial Translocations for 288 gold pieces
  9692 | Orc:2    | Learned a level 1 spell: Apportation
  9695 | Orc:2    | Learned a level 2 spell: Blink
  9704 | Orc:2    | Found a runed translucent door.
  9716 | Orc:2    | Found a shimmering altar of Xom.
  9716 | Orc:2    | Noticed Tollund's ghost (journeyman GnHW)
  9749 | Orc:2    | Identified the ring "Tesaof" {Fly Str+6 Stlth+}
  9793 | Orc:2    | Killed Tollund's ghost
  9999 | Snake:1  | Entered Level 1 of the Snake Pit
 10021 | Snake:1  | Reached skill level 1 in Translocations
 10351 | Snake:3  | Noticed a nagaraja
 10355 | Snake:3  | Noticed a nagaraja
 10364 | Snake:3  | Reached XP level 17. HP: 130/146 MP: 24/29
 10365 | Snake:3  | Killed a nagaraja
 10367 | Snake:3  | Killed a nagaraja
 10383 | Snake:2  | Reached skill level 10 in Shields
 10429 | Snake:3  | Noticed a nagaraja
 10430 | Snake:3  | Found a flickering gateway to a bazaar.
 10449 | Bazaar   | Entered a bazaar
 10449 | Bazaar   | Found Buty Peo's Weapon Boutique.
 10449 | Bazaar   | Found Jaqi's Assorted Antiques.
 10449 | Bazaar   | Found Myqiokk's General Store.
 10449 | Bazaar   | Found Duthros's General Store.
 10449 | Bazaar   | Found Ygisel's Armour Boutique.
 10464 | Bazaar   | Bought a scroll of teleportation for 24 gold pieces
 10470 | Bazaar   | Bought a scroll of brand weapon for 123 gold pieces
 10470 | Bazaar   | Identified a scroll of acquirement
 10472 | Bazaar   | Acquired the +13 crystal plate armour of Honihis {Harm
                  | rElec rF+ Dex+3}
 10492 | Bazaar   | Bought a +2 pair of boots of rampaging for 236 gold pieces
 10499 | Bazaar   | Bought a potion of mutation for 104 gold pieces
 10515 | Bazaar   | Bought a scroll of fear for 32 gold pieces
 10517 | Bazaar   | Bought a potion of mutation for 224 gold pieces
 10519 | Bazaar   | Bought a scroll of identify for 16 gold pieces
 10540 | Bazaar   | Bought a lumpy grey potion for 25 gold pieces
 10565 | Snake:3  | Killed a nagaraja
 10712 | Snake:3  | Reached skill level 5 in Translocations
 10725 | Snake:4  | Entered Level 4 of the Snake Pit
 10790 | Snake:4  | Acquired the +5 demon trident "Anuyrghao" {antimagic,
                  | rElec}
 11150 | Snake:4  | Noticed Vashnia
 11186 | Snake:4  | Killed Vashnia
 11377 | Snake:4  | Gained mutation: You passively map a large area around you.
                  | [Meteoran growth]
 11377 | Snake:4  | Reached XP level 18. HP: 134/152 MP: 30/30
 11399 | Snake:4  | Noticed Louise
 11414 | Snake:4  | Killed Louise
 11486 | Snake:4  | Noticed Aizul
 11579 | Snake:4  | Killed Aizul
 11940 | Snake:4  | Got a serpentine rune of Zot
 12335 | Snake:2  | Noticed Nikola
 12360 | Snake:2  | Killed Nikola
 12426 | Snake:2  | Identified the +1 pair of gloves of the Bagpipe {Str+3}
 12554 | Snake:1  | Identified the +4 long sword of the Bespelling Tiger
                  | {venom, rPois rCorr Str-3 Dex+7}
 12679 | Snake:1  | Glimpsed the power of Zot.
 12757 | Lair:3   | Gained mutation: Your muscles are strong. (Str +4, Int/Dex
                  | -1) [potion of mutation]
 12757 | Lair:3   | Lost mutation: Your muscles are strong. (Str +4, Int/Dex
                  | -1) [potion of mutation]
 12757 | Lair:3   | Gained mutation: Potions are less effective at restoring
                  | your health. [potion of mutation]
 12757 | Lair:3   | Gained mutation: You expend magic power (3 MP) to
                  | strengthen your wands. [potion of mutation]
 12758 | Lair:3   | Lost mutation: Potions are less effective at restoring your
                  | health. [potion of mutation]
 12758 | Lair:3   | Lost mutation: You expend magic power (3 MP) to strengthen
                  | your wands. [potion of mutation]
 12758 | Lair:3   | Gained mutation: You have an increased reservoir of magic.
                  | (+10% MP) [potion of mutation]
 12758 | Lair:3   | Gained mutation: You are dopey. (Int -2) [potion of
                  | mutation]
 12759 | Lair:3   | Lost mutation: You are dopey. (Int -2) [potion of mutation]
 12759 | Lair:3   | Lost mutation: You have an increased reservoir of magic.
                  | (+10% MP) [potion of mutation]
 12759 | Lair:3   | Gained mutation: You are vulnerable to heat. (rF-) [potion
                  | of mutation]
 12759 | Lair:3   | Gained mutation: You are frail. (-10% HP) [potion of
                  | mutation]
 12760 | Lair:3   | Lost mutation: You are frail. (-10% HP) [potion of
                  | mutation]
 12760 | Lair:3   | Lost mutation: You are vulnerable to heat. (rF-) [potion of
                  | mutation]
 12760 | Lair:3   | Gained mutation: You sometimes lose your temper in combat.
                  | [potion of mutation]
 12761 | Lair:3   | Lost mutation: You sometimes lose your temper in combat.
                  | [potion of mutation]
 12761 | Lair:3   | Gained mutation: You are partially covered in large bone
                  | plates. (SH +4) [potion of mutation]
 12761 | Lair:3   | Gained mutation: You are agile. (Dex +4, Str/Int -1)
                  | [potion of mutation]
 12767 | Shoals:1 | Entered Level 1 of the Shoals
 12780 | Shoals:1 | Reached XP level 19. HP: 122/159 MP: 31/31
 12797 | Shoals:1 | Reached skill level 15 in Armour
 13045 | Shoals:1 | Reached skill level 15 in Invocations
 13119 | Shoals:2 | Reached ***** piety under Qazlal
 13200 | Shoals:2 | Noticed Ilsuiw
 13221 | Shoals:2 | Found Doexum's Weapon Emporium.
 13229 | Shoals:2 | Killed Ilsuiw
 13279 | Shoals:3 | Noticed Donald
 13289 | Shoals:2 | Killed Donald
 13373 | Shoals:3 | Found a transporter.
 13527 | Shoals:4 | Entered Level 4 of the Shoals
 13755 | Shoals:4 | Identified the +0 chain mail "Utaug" {rN+}
 13844 | Shoals:4 | Noticed Polyphemus
 13861 | Shoals:4 | Reached XP level 20. HP: 160/169 MP: 32/32
 13865 | Shoals:4 | Killed Polyphemus
 13900 | Shoals:4 | Identified Roxanne's Exposition on Shaping
 13900 | Shoals:4 | Noticed Roxanne
 13930 | Shoals:4 | Got a barnacled rune of Zot
 14142 | Shoals:4 | Reached skill level 15 in Shields
 14161 | Shoals:4 | Noticed Mlioglotl
 14174 | Shoals:4 | Killed Mlioglotl
 14297 | Shoals:4 | Killed Roxanne
 14353 | Shoals:4 | Reached skill level 10 in Throwing
 14540 | Shoals:3 | Found a transporter.
 14613 | Shoals:3 | Reached ****** piety under Qazlal
 14843 | Shoals:2 | Found a runed translucent gate.
 14844 | Shoals:2 | Found a runed translucent gate.
 14845 | Shoals:2 | Found a runed translucent gate.
 14848 | Shoals:2 | Noticed Tuwaoge's ghost (adept MiFi)
 14917 | Shoals:2 | Killed Tuwaoge's ghost
 15207 | Shoals:1 | Identified the +9 whip "Hydraslayer" {spect, rF- Int+5}
 15324 | Shoals:1 | Glimpsed the power of Zot.
 15774 | Elf:1    | Entered Level 1 of the Elven Halls
 15901 | Elf:2    | Reached XP level 21. HP: 180/180 MP: 34/34
 15924 | Elf:2    | Found a runed translucent gate.
 15924 | Elf:2    | Found a runed translucent gate.
 15924 | Elf:2    | Found a runed translucent gate.
 16052 | Elf:3    | Entered Level 3 of the Elven Halls
 16372 | Elf:3    | Noticed a Hell Sentinel
 16450 | Elf:3    | Identified the +4 glaive of Circularity {freeze, rF+ Str+5}
 16471 | Elf:3    | Identified the +0 leather armour of the Cursing Gods {rElec
                  | Will- Dex-5 SInv}
 16550 | Elf:3    | Identified the ring "Kivan" {Fire Fly Int+3 Dex-2}
 16558 | Elf:3    | Found the +9 heavy crossbow "Sniper" {vorpal, Acc+∞ SInv}
 16591 | Elf:3    | Identified the +4 rapier of Abuse {antimagic, *Rage rN++
                  | Will++}
 16594 | Elf:3    | Got the Disquisition on Mortuary Minerals
 16871 | Elf:2    | Found Xianlos's Antique Armour Shop.
 17125 | Elf:2    | Reached XP level 22. HP: 190/190 MP: 31/35
 17280 | Elf:1    | Identified the +6 war axe of the Enchanting Genius {flame,
                  | *Slow Str+6 Int+4 Dex+2}
 17600 | Elf:1    | Glimpsed the power of Zot.
 17861 | Orc:1    | Glimpsed the power of Zot.
 18383 | D:12     | Noticed Frances
 18396 | D:12     | Killed Frances
 18397 | D:12     | Reached skill level 1 in Spellcasting
 18556 | D:12     | Noticed Nessos
 18559 | D:12     | Killed Nessos
 18857 | D:12     | Identified the +2 leather armour of Loss {rC+ Int+2}
 18876 | D:12     | Noticed Sonja
 18878 | D:12     | Killed Sonja
 19064 | D:13     | Reached skill level 15 in Fighting
 19286 | D:13     | Found a gate to the Vaults.
 19388 | Vaults:1 | Entered Level 1 of the Vaults
 19420 | Vaults:1 | Noticed Zenata
 19432 | Vaults:1 | Killed Zenata
 19721 | Vaults:1 | Reached XP level 23. HP: 194/199 MP: 29/37
 19743 | Vaults:1 | Found a portal to a secret trove of treasure.
 19878 | Vaults:2 | Noticed Jory
 19894 | Vaults:2 | Reached skill level 5 in Spellcasting
 19900 | Vaults:2 | Killed Jory
 20000 | Vaults:2 | Reached skill level 10 in Translocations
 20024 | Vaults:2 | Found Ceacy's General Store.
 20030 | Vaults:2 | Noticed a bone dragon
 20045 | Vaults:2 | Killed a bone dragon
 20047 | Vaults:2 | Found a staircase to the Crypt.
 20066 | Crypt:1  | Entered Level 1 of the Crypt
 20180 | Crypt:2  | Identified the +8 arbalest of the Ethereal God {freeze,
                  | rN+++ Will+}
 20312 | Crypt:3  | Entered Level 3 of the Crypt
 20809 | Crypt:3  | Noticed a curse toe
 20869 | Crypt:3  | Killed a curse toe
 20891 | Crypt:3  | Noticed a curse toe
 20901 | Crypt:3  | Killed a curse toe
 20961 | Crypt:3  | Noticed an ancient lich
 20965 | Crypt:3  | Noticed a dread lich
 20969 | Crypt:3  | Identified the +0 fire dragon scales of Ashenzari's
                  | Supremacy {rF++ rC- Int+2}
 20972 | Crypt:3  | Got Bidit's Catalogue of the Mortuary
 20989 | Crypt:3  | Found a runed translucent door.
 20994 | Crypt:3  | Noticed Hali's ghost (veteran FoFi)
 20996 | Crypt:3  | Noticed Saint Roka
 21024 | Crypt:3  | Killed Hali's ghost
 21041 | Crypt:3  | Killed Saint Roka
 21337 | Crypt:3  | Found an ancient bone altar of Kikubaaqudgha.
 21481 | Crypt:2  | Reached XP level 24. HP: 205/206 MP: 38/38
 21939 | Crypt:1  | Glimpsed the power of Zot.
 21970 | Crypt:1  | Learned a level 2 spell: Passwall
 22090 | Vaults:2 | Reached skill level 1 in Earth Magic
 22091 | Vaults:2 | Reached skill level 1 in Transmutations
 22899 | Vaults:5 | Entered Level 5 of the Vaults
 22910 | Vaults:4 | Reached skill level 5 in Transmutations
 22914 | Vaults:4 | Reached skill level 5 in Earth Magic
 22936 | Vaults:4 | Reached XP level 25. HP: 213/213 MP: 39/39
 22983 | Vaults:5 | Noticed an ancient lich
 22987 | Vaults:5 | Killed an ancient lich
 23043 | Vaults:5 | Noticed an ancient lich
 23052 | Vaults:5 | Killed from afar by an ancient lich

Illustrated notes

Levels and vault maps discovered:
D:1:      dpeg_arrival_more_subterranean_lakeside_camping, layout_rooms,
          shapermc_ecumenical_altar_rom_forum
D:2:      layout_loops_ring, kennysheep_generic_room_4, uniq_sigmund
D:3:      layout_loops_corners, lemuel_round_altar
D:4:      layout_basic, kennysheep_mini_moat, mainiacjoe_overflow_paths,
          led_sif_pool
D:5:      layout_loops_ring, nemelex_diamond_rough_becter
D:6:      layout_rooms, grunt_temple_overflow_open, lemuel_temple_firewalk_b,
          gup_sewer_entry_bowl
D:7:      layout_gridville, serial_park_tiny_2
D:8:      layout_cave_pods, mainiacjoe_overflow_surrounded_room,
          lemuel_mausoleum_altar_yredelemnul, kennysheep_donut, st_stairs_6,
          minivault_24, eino_jars
D:9:      layout_basic, mainiacjoe_overflow_tiny_flanked, serial_shops,
          nicolae_stop_n_shop_1, kennysheep_potato
D:10:     layout_cave_pools, bloody_makhleb, elyvilon_altar_1,
          dpeg_oklobed_lair, david_orc_4, ebering_ghost_xom,
          hangedman_decor_lopped, grunt_ministairs_7, lightli_fourway_metalbox
D:11:     layout_roguey
D:12:     layout_grid_maze, serial_glass, glass_columns_c, glass_columns_c,
          eino_house_with_fridge, uniq_sonja, uniq_nessos, uniq_frances
D:13:     layout_rooms, skrybe_vaults_entry_preservation, minmay_quadrilaterals
Temple:   nicolae_temple_bog_church
Lair:1:   layout_roguey, grunt_megastairs_2
Lair:2:   layout_loops_ring, guppyfry_snake_entry_island,
          infiniplex_staircase_pool, uniq_erica
Lair:3:   layout_gridlike, elwin_shoals_entry_stream
Lair:4:   layout_cave_pods, slime_entry_1, minmay_stone_trees_large,
          lemuel_fruit_fields
Lair:5:   evil_forest, layout_regular_city, lemuel_old_faithful
Shoals:1: layout_shoals
Shoals:2: layout_shoals, gammafunk_ghost_necromancy, nicolae_take_the_stairs,
          st_shoals_ruin, uniq_ilsuiw
Shoals:3: gammafunk_sealed_arena, layout_shoals, nzn_prometheus_bound,
          uniq_donald
Shoals:4: shoals_end_hangedman, layout_shoals, uniq_polyphemus, uniq_mlioglotl,
          uniq_roxanne
Snake:1:  layout_honeycomb, basic_altar
Snake:2:  layout_misc_corridors, uniq_nikola
Snake:3:  layout_cave_shapes, serial_shops, bzr_entry_lakeside
Snake:4:  snake_pit, layout_cave_town, uniq_aizul, uniq_louise, uniq_vashnia
Orc:1:    layout_caves, basic_altar
Orc:2:    st_orc_open, layout_diamond_mine, ebering_ghost_xom,
          minmay_orc_barracks
Elf:1:    layout_geoelf_diagonals, hangedman_elf_represent
Elf:2:    nicolae_elf_blades_crystal_corner, layout_geoelf_octagon,
          serial_shops, shop
Elf:3:    minmay_elf_hall_curves, layout_geoelf_octagon
Vaults:1: not_door_vault_due, nicolae_vaults_little_squares_2, v_misc_16,
          layout_vaults_quadrants, nicolae_trove_entry_path_of_doom,
          serial_shops, nicolae_shop_crystal, shop, nicolae_shop_stone,
          uniq_zenata
Vaults:2: v_misc_23, hangedman_vaults_impose, v_misc_8,
          minmay_crypt_entry_nasty_monster, vaults_mumra_chevron_long,
          vaults_dpeg_diagonal, hangedman_vaults_unwind,
          nicolae_vaults_little_squares_5, vaults_mumra_minichess,
          nicolae_vaults_know_your_exits, grunt_vaults_swirl,
          nicolae_vaults_yaktaur_gun_rack, layout_vaults_big_room, serial_shops,
          shop, uniq_jory
Vaults:3: v_rooms_2, v_misc_5, nicolae_vaults_little_squares_2, v_misc_1,
          ontoclasm_vaults_idyll, ontoclasm_vaults_ring_large,
          nicolae_vaults_triangles, v_misc_13, grunt_vaults_diagonal,
          hangedman_vaults_capsules, vaults_room_semicircle,
          nicolae_vaults_border_crossing, layout_vaults_ring, uniq_mara
Vaults:4: ontoclasm_vaults_ring_square, v_rooms_4,
          nicolae_vaults_lopsided_apartments, vaults_room_grid,
          vaults_room_door_hall, nicolae_vaults_angled_halls,
          nicolae_vaults_network_quinsquares
          [nicolae_vaults_network_quincunx_subvault,
          nicolae_vaults_network_quincunx_subvault,
          nicolae_vaults_network_quincunx_subvault,
          nicolae_vaults_network_quincunx_subvault],
          nicolae_vaults_specimen_jars, v_misc_14, ontoclasm_vaults_hangar,
          vaults_room_corners, v_misc_16, dpeg_vaults_monster_box,
          layout_vaults_omnibox
Vaults:5: serial_shops
Crypt:1:  layout_catacombs
Crypt:2:  layout_chaotic_city, grunt_ministairs_6, lemuel_upstairs_altar,
          grunt_megastairs_1
Crypt:3:  david_glass_crypt, layout_misc_corridors, tomb_entry_shell_bobbens,
          basic_altar, ebering_ghost_inner_flame, chequers_big_river,
          uniq_saint_roka

Skill      XL: |  1  2  3  4  5  6  7  8  9 10 11 12 13 14 15 16 17 18 19 20 21 22 23 24 25 |
---------------+----------------------------------------------------------------------------+-----
Polearms       | 4 5 6 7 8 9 11 12 14 15 16 17 18 19 20 21 22 | 22.4
Fighting       | 3 4 5 7 8 9 10 11 12 13 14 15 | 15.0
Armour         | 1 3 4 6 7 9 10 12 14 15 16 18 19 20 21 | 21.5
Invocations    | 3 6 7 9 12 13 14 15 16 17 18 20 22 | 22.6
Shields        | 4 5 7 9 12 14 15 | 15.0
Evocations     | 6 9 10 11 12 | 12.0
Dodging        | 7 9 10 | 10.0
Throwing       | 5 7 9 11 12 | 12.0
Translocations | 3 5 7 9 11 12 | 12.0
Spellcasting   | 4 5 |  5.0
Earth Magic    | 5 6 |  6.4
Transmutations | 5 6 |  6.5

Action                   |  1- 3 |  4- 6 |  7- 9 | 10-12 | 13-15 | 16-18 | 19-21 | 22-24 | 25-27 || total
-------------------------+-------+-------+-------+-------+-------+-------+-------+-------+-------++-------
Melee: Trident           |    93 |   122 |    66 |   450 |   604 |   931 |       |       |       ||  2266
       Halberd           |       |       |   364 |   115 |       |       |       |       |       ||   479
       Punch             |       |       |     3 |     1 |       |       |       |       |       ||     4
       Demon trident     |       |       |       |       |       |   311 |  1158 |  1431 |    62 ||  2962
 Fire: Sling             |       |       |       |     6 |       |       |       |       |       ||     6
Throw: Throwing net      |     3 |       |       |       |       |       |       |       |       ||     3
       Dart              |       |     4 |       |       |     3 |     3 |     8 |       |       ||    18
       Javelin           |       |       |       |     4 |       |    10 |       |       |       ||    14
       Boomerang         |       |       |       |       |     2 |    67 |    19 |     3 |       ||    91
 Cast: Apportation       |       |       |       |       |       |       |       |     9 |       ||     9
Invok: Upheaval          |       |       |       |    15 |    12 |    20 |    12 |    11 |     1 ||    71
       Elemental Force   |       |       |       |       |       |     8 |     1 |       |     2 ||    11
       Disaster Area     |       |       |       |       |       |       |       |       |     2 ||     2
Evoke: Wand              |       |       |       |     1 |       |     1 |       |       |       ||     2
       Condenser vane    |       |       |       |       |       |     3 |     1 |       |     1 ||     5
  Use: Scroll            |       |     7 |     4 |     6 |     2 |    15 |     1 |     5 |       ||    40
       Potion            |       |     6 |       |     3 |     3 |     9 |       |     2 |     4 ||    27
 Stab: Distracted        |       |       |       |     1 |       |     4 |       |       |     1 ||     6
       Paralysed         |       |       |       |       |       |     9 |       |       |     2 ||    11
Armor: Leather armour    |    14 |       |       |       |       |       |       |       |       ||    14
       Ring mail         |    17 |    50 |    15 |       |       |       |       |       |       ||    82
       Scale mail        |       |       |    26 |       |       |       |       |       |       ||    26
       Chain mail        |       |       |   185 |   279 |   178 |   138 |       |       |       ||   780
       Crystal plate arm |       |       |       |       |       |   191 |   320 |   316 |    54 ||   881
Dodge: Dodged            |    34 |    64 |   124 |   138 |   125 |   239 |   209 |   175 |    24 ||  1132
       Repelled          |       |       |       |       |       |     7 |    14 |     4 |     1 ||    26
Block: Other             |       |       |     3 |    14 |       |       |       |       |       ||    17
       Buckler           |       |       |       |    69 |   164 |   156 |       |       |       ||   389
       Kite shield       |       |       |       |       |       |   604 |  1082 |  1333 |   108 ||  3127
       Reflection        |       |       |       |       |       |       |   100 |    69 |     1 ||   170

Table legend: (Time is in decaauts)
 A = Elapsed time spent in this place.
 B = Non-inter-level travel time spent in this place.
 C = Inter-level travel time spent in this place.
 D = Time resting spent in this place.
 E = Time spent auto-exploring this place.
 F = Levels seen in this place.
 G = Mean time per level.
                   A        B        C        D        E       F      G
               +--------+--------+--------+--------+--------+-----+--------+
         Total |  21515 |  19980 |   1535 |      0 |      0 |  42 |  512.3 |
       Dungeon |   7183 |   6669 |    514 |      0 |      0 |  13 |  552.5 |
        Temple |     61 |     43 |     18 |      0 |      0 |   1 |   61.0 |
          Lair |   2862 |   2529 |    333 |      0 |      0 |   5 |  572.4 |
        Shoals |   2344 |   2252 |     92 |      0 |      0 |   4 |  586.0 |
     Snake Pit |   2335 |   2254 |     81 |      0 |      0 |   4 |  583.8 |
  Orcish Mines |   1127 |    935 |    192 |      0 |      0 |   2 |  563.5 |
   Elven Halls |   1723 |   1605 |    118 |      0 |      0 |   3 |  574.3 |
        Vaults |   1528 |   1511 |     17 |      0 |      0 |   5 |  305.6 |
         Crypt |   1730 |   1563 |    167 |      0 |      0 |   3 |  576.7 |
        Bazaar |     94 |     94 |      0 |      0 |      0 |   1 |   94.0 |
         Sewer |    524 |    524 |      0 |      0 |      0 |   1 |  524.0 |
               +--------+--------+--------+--------+--------+-----+--------+

Top non-repeatable levels by time:
 Snake:4: 1124 daAuts
 Crypt:3: 989 daAuts
  Lair:5: 830 daAuts
   Orc:2: 813 daAuts
    D:10: 807 daAuts
     D:8: 737 daAuts
Shoals:4: 735 daAuts
     D:9: 730 daAuts
    D:12: 658 daAuts
   Elf:3: 648 daAuts
     D:3: 642 daAuts
Shoals:2: 635 daAuts
     D:6: 618 daAuts
   Elf:2: 599 daAuts
     D:7: 556 daAuts
